 Dungeon Crawl Stone Soup version 0.29.1-13-g9f3cf754e1 (webtiles) character file.

Game seed: 10859802081351721211

106 DemonSlayer the Digger (level 4, -1/30 HPs)
             Began as a Demonspawn Earth Elementalist on Jan 31, 2023.
             Slain by Ijyb
             ... wielding a +0 club
              (5 damage)
             ... on level 3 of the Dungeon.
             The game lasted 00:05:13 (2143 turns).

DemonSlayer the Digger (DsEE)                       Turns: 2143, Time: 00:05:13

Health: -1/30      AC:  2    Str: 10    XL:     4   Next: 55%
Magic:  2/8        EV: 12    Int: 17    God:
Gold:   111        SH:  0    Dex: 13    Spells: 3/9 levels left

rFire   . . .      SeeInvis .   t - +0 dagger (venom)
rCold   . . .      Faith    .   (no shield)
rNeg    . . .      Spirit   .   a - +0 robe
rPois   +          Reflect  .   (helmet restricted)
rElec   .          Harm     .   (no cloak)
rCorr   .          Rampage  .   (no gloves)
Will    .....                   (no boots)
Stlth   ++........              o - amulet of regeneration
HPRegen 0.90/turn               j - ring of poison resistance
MPRegen 0.11/turn               (no ring)

@: no status effects
A: antennae 2, powered by death 1
a: no special abilities


You were on level 3 of the Dungeon.
You visited 1 branch of the dungeon, and saw 3 of its levels.

You collected 111 gold pieces.

Inventory:

Hand Weapons
 t - a +0 dagger of venom (weapon)
Armour
 a - a +0 robe (worn)
Jewellery
 j - a ring of poison resistance (left hand)
 o - an amulet of regeneration (around neck)
Scrolls
 c - a scroll of silence {unknown}
 d - a scroll of teleportation
 e - a scroll of enchant weapon {unknown}
 f - a scroll of magic mapping {unknown}
 g - a scroll of vulnerability {unknown}
 i - a scroll of amnesia {unknown}
 n - a scroll of brand weapon {unknown}
 s - a scroll of poison {unknown}
Potions
 b - a potion of magic
 h - a potion of degeneration {unknown}
 k - 2 potions of ambrosia
 l - a potion of lignification
 m - a potion of invisibility {unknown}
 q - a potion of heal wounds
 r - a potion of might {unknown}


   Skills:
 + Level 0.2 Short Blades
 + Level 2.0 Dodging
 + Level 2.2 Stealth
 + Level 3.0 Spellcasting
 + Level 0.8 Transmutations
 + Level 3.8 Earth Magic


You had 3 spell levels left.
You knew the following spells:

 Your Spells              Type           Power      Damage    Failure   Level
a - Sandblast             Erth           30%        2d9       3%          1
b - Stone Arrow           Conj/Erth      18%        3d8       24%         3
c - Blink                 Tloc           4%         N/A       26%         2

Your spell library contained the following spells:

 Spells                   Type           Power      Damage    Failure   Level
 Passwall                 Tmut/Erth      8%         N/A       10%         2
 Freeze                   Ice            8%         1d3       17%         1
 Frozen Ramparts          Ice            4%         1d1       45%         3
 Lesser Beckoning         Tloc           2%         N/A       45%         3
 Petrify                  Tmut/Erth      10%        N/A       54%         4
 Hailstorm                Conj/Ice       2%         3d3       86%         4
 Manifold Assault         Tloc           2%         N/A       99%         5


Dungeon Overview and Level Annotations

Branches:
Dungeon (3/15)

Altars:

Annotations:
D:3 Ijyb, Jessica


Innate Abilities, Weirdness & Mutations

You have a pair of antennae on your head.
You regenerate a little health from kills.


Message History

Unknown command.
Unknown command.
You can't see any susceptible monsters within range! (Use Z to cast anyway.)
You can't see any susceptible monsters within range! (Use Z to cast anyway.)
The blast of sand hits Ijyb but does no damage.
The blast of sand misses Ijyb.
Ijyb closely misses you.
A hobgoblin comes into view.
You miscast Sandblast.
You are very lightly contaminated with residual magic.
Nothing appears to happen.
The hobgoblin shouts!
Ijyb closely misses you.
The blast of sand misses Ijyb.
Ijyb hits you but does no damage. Ijyb barely misses you.
The blast of sand hits Ijyb but does no damage.
Ijyb hits you with a +0 club.
The blast of sand hits Ijyb but does no damage.
Ijyb hits you with a +0 club. Ijyb closely misses you.
The blast of sand hits Ijyb but does no damage.
Ijyb hits you with a +0 club. The hobgoblin hits you.
Your magical contamination has completely faded away.
As you read the scroll of teleportation, it crumbles to dust.
You feel strangely unstable. Ijyb hits you with a +0 club.
The hobgoblin closely misses you.
Jessica the Apprentice Sorceress comes into view.
She is wielding a +0 club.
You barely miss Ijyb. Ijyb hits you with a +0 club! The hobgoblin hits you.
* * * LOW HITPOINT WARNING * * *
The hobgoblin attacks as you move away! The hobgoblin misses you.
Ijyb barely misses you. Ijyb attacks as you move away!
Ijyb hits you with a +0 club.
* * * LOW HITPOINT WARNING * * *
Your surroundings seem slightly different.
Ijyb screams, "Me stronger than you!" Ijyb hits you with a +0 club.
* * * LOW HITPOINT WARNING * * *
The hobgoblin hits you.
* * * LOW HITPOINT WARNING * * *
The hobgoblin attacks as you move away! The hobgoblin misses you.
Ijyb attacks as you move away! Ijyb hits you with a +0 club.
You die...

############ #####
#..........# #....
#.....@g...# #....
#.....§g...########..†.
##.........#........#..
#.........#...#.......
#.........#...........
###.......#.........(.
#............###....
#.......#...## #....
#.....<.....# #....


You could see Ijyb and a hobgoblin.

Vanquished Creatures
  6 adders
  5 bats
  An endoplasm (D:3)
  5 giant cockroaches
  5 goblins
  4 hobgoblins
  3 jackals
  4 kobolds
  2 quokkas (D:2)
  7 ball pythons
  4 frilled lizards
  7 rats
53 creatures vanquished.

Notes
Turn   | Place    | Note
-------+----------+-------------------------------------------
     0 | D:1      | DemonSlayer the Demonspawn Earth Elementalist began the
                  | quest for the Orb.
     0 | D:1      | Reached XP level 1. HP: 13/13 MP: 3/3
   290 | D:1      | Gained mutation: You have a pair of small antennae on your
                  | head. [demonic ancestry]
   290 | D:1      | Reached XP level 2. HP: 17/19 MP: 1/5
   459 | D:1      | Found a faded altar of an unknown god.
   919 | D:2      | Gained mutation: You have a pair of antennae on your head.
                  | [demonic ancestry]
   919 | D:2      | Reached XP level 3. HP: 24/24 MP: 3/6
  1441 | D:2      | Gained mutation: You regenerate a little health from kills.
                  | [demonic ancestry]
  1441 | D:2      | Reached XP level 4. HP: 30/30 MP: 6/8
  1592 | D:2      | Learned a level 3 spell: Stone Arrow
  1595 | D:2      | Learned a level 2 spell: Blink
  1840 | D:3      | Noticed Ijyb
  2125 | D:3      | Paralysed by Ijyb for 3 turns
  2137 | D:3      | Noticed Jessica
  2143 | D:3      | Slain by Ijyb

Illustrated notes

Levels and vault maps discovered:
D:1:      lightli_arrival_statuegarden, layout_basic,
          nicolae_ecumenical_snake_handling
D:2:      layout_basic, minmay_joined_circles
D:3:      layout_basic, nicolae_ru_path_of_blood, grunt_gozag_statues,
          gammafunk_ghost_cemetery, serial_shops, nicolae_shop_waterfront,
          serial_bayou_pond_e, uniq_crazy_yiuf_cottage, uniq_jessica, uniq_ijyb,
          uniq_grinder

Skill      XL: |  1  2  3  4 |
---------------+-------------+-----
Earth Magic    | 3 |  3.8
Stealth        | 2 |  2.2
Dodging        | 2 |  2.0
Spellcasting   | 3 |  3.0
Short Blades   | |  0.2
Transmutations | |  0.8

Action                   |  1- 3 |  4- 6 || total
-------------------------+-------+-------++-------
Melee: Dagger            |     6 |    10 ||    16
       Rapier            |    11 |    18 ||    29
       Punch             |     1 |       ||     1
 Cast: Sandblast         |    38 |    26 ||    64
  Use: Scroll            |       |     6 ||     6
 Stab: Sleeping          |     2 |       ||     2
Armor: Robe              |     3 |     5 ||     8
Dodge: Dodged            |    25 |    29 ||    54
